AoeStats
← Dantegutsh

Oasis

509782538Analyzed
4v4 RM · 5d ago on Sep 28, 2026· 56m 9s· 8 players
Game mode
Random Map
Map size
Large (8 player)
Population
200
Speed
Normal
Resources
Standard
Victory
Conquest
Starting age
Dark Age
Ending age
Imperial Age
RankedLock teamsTeams togetherTeam positionsShared explorationLock speedFull tech treeHidden civsTurbo modeCheats
Victory
Defeat
🇺🇸 Khitans · United States
1271
+18
🇺🇸 Britons · United States
1267
+18
🇲🇽 Mongols · Mexico
1231
+19
🇨🇴 Burmese · Colombia
1228
+20
🇲🇽 Magyars · Mexico
1443
-24
🇨🇴 Bulgarians · Colombia
1411
-23
🇨🇴 Saracens · Colombia
1222
-15
🇵🇪 Britons · Peru
1163
-13
GeneralDavid51
2:54 Loom
12:14 Feudal Age
21:14 Fletching
21:26 Padded Archer Armor
23:10 Double-Bit Axe
25:29 Gold Mining
34:57 Castle Age
40:26 Castle Age
39:20 Horse Collar
42:45 Bow Saw
42:00 Crossbowman
44:27 Bodkin Arrow
44:47 Leather Archer Armor
46:50 Ballistics
48:08 Wheelbarrow
49:05 Heavy Plow
49:54 Hand Cart
51:16 Town Watch
53:06 Gold Shaft Mining
56:50 Imperial Age
55:36 Stone Mining
TopDogThor
8:08 Loom
10:22 Feudal Age
12:33 Wheelbarrow
13:08 Double-Bit Axe
18:33 Domestication
19:36 Forging
23:03 Gold Mining
27:05 Castle Age
25:49 Scale Barding Armor
27:06 Light Cavalry
29:14 Iron Casting
32:09 Chain Barding Armor
41:17 Hand Cart
42:11 Bow Saw
46:25 Pastoralism
47:29 Stone Mining
48:42 Hand Cart
49:38 Stone Shaft Mining
55:33 Imperial Age
54:06 Husbandry
Megatron2002
0:27 Loom
10:19 Feudal Age
16:17 Fletching
16:27 Padded Archer Armor
17:14 Wheelbarrow
19:06 Double-Bit Axe
23:15 Horse Collar
23:52 Gold Mining
27:27 Castle Age
25:19 Stone Mining
27:41 Castle Age
26:42 Forging
26:32 Scale Mail Armor
29:26 Bodkin Arrow
29:48 Leather Archer Armor
30:18 Bow Saw
30:10 Heavy Plow
36:53 Husbandry
37:03 Bloodlines
40:02 Imperial Age
38:16 Thumb Ring
41:25 Conscription
41:34 Parthian Tactics
41:39 Ballistics
42:19 Chemistry
41:25 Siege Engineers
41:51 Bracer
42:20 Hand Cart
42:42 Gold Shaft Mining
43:00 Drill
44:34 Elite Mangudai
45:41 Onager
50:08 Capped Ram
51:25 Iron Casting
50:56 Scale Barding Armor
50:16 Light Cavalry
50:51 Siege Onager
53:13 Hoardings
53:24 Town Watch
54:41 Blast Furnace
54:02 Chain Barding Armor
53:35 Hussar
𒉭BEHELIT𒉭
10:31 Feudal Age
13:25 Loom
15:54 Castle Age
14:23 Horse Collar
16:25 Bloodlines
18:42 Husbandry
23:50 Forging
23:43 Loom
25:16 Wheelbarrow
27:58 Gold Mining
28:50 Heavy Plow
28:54 Light Cavalry
31:23 Gold Shaft Mining
31:05 Scale Mail Armor
31:12 Scale Barding Armor
31:42 Iron Casting
34:30 Hand Cart
35:03 Redemption
35:16 Town Watch
35:22 Stone Mining
35:59 Chain Barding Armor
39:16 Imperial Age
43:03 Blast Furnace
42:52 Howdah
42:52 Treadmill Crane
43:55 Hussar
53:07 Cavalier
Dantegutsh
6:56 Loom
9:17 Feudal Age
10:26 Double-Bit Axe
21:07 Castle Age
21:08 Bloodlines
21:39 Scale Barding Armor
21:28 Horse Collar
21:41 Gold Mining
21:59 Husbandry
31:41 Light Cavalry
38:54 Wheelbarrow
41:36 Imperial Age
39:48 Wheelbarrow
43:27 Pikeman
pipegarcial
7:00 Loom
10:10 Feudal Age
18:25 Fletching
21:55 Padded Archer Armor
31:59 Castle Age
32:03 Crossbowman
32:39 Bodkin Arrow
34:00 Thumb Ring
39:08 Ballistics
44:04 Imperial Age
42:09 Wheelbarrow
44:45 Bracer
44:07 Arbalester
46:23 Chemistry
Seritzia
6:48 Loom
9:12 Feudal Age
9:48 Double-Bit Axe
10:05 Horse Collar
21:35 Castle Age
19:50 Gold Mining
21:47 Stone Mining
22:27 Scale Barding Armor
22:32 Forging
22:34 Bloodlines
22:25 Husbandry
24:13 Heavy Plow
24:58 Chain Barding Armor
25:45 Bow Saw
31:05 Iron Casting
36:54 Squires
36:40 Arson
36:41 Gambesons
36:57 Scale Mail Armor
39:47 Chain Mail Armor
43:18 Murder Holes
43:16 Fletching
47:41 Masonry
SparMankus
6:22 Loom
9:51 Feudal Age
10:43 Double-Bit Axe
17:01 Fletching
Connection lost

Rejoining the realm…

Still unreachable

The connection could not be restored.

Session expired

The server has moved on; the page needs a fresh start.